 Dungeon Crawl Stone Soup version 0.30-a0-782-ge64f9170bb (console) character file.

Game seed: 7729435955594870358

39 utis the Slasher (level 3, -6/20 HPs)
             Began as a Tengu Wanderer on Mar 11, 2023.
             Mangled by a gnoll
             ... wielding a +0 flail
             ... led by a gnoll sergeant
              (7 damage)
             ... on level 3 of the Dungeon.
             The game lasted 00:04:53 (1976 turns).

utis the Slasher (Tengu Wanderer)                   Turns: 1976, Time: 00:04:53

Health: -6/20      AC:  4    Str:  9    XL:     3   Next: 45%
Magic:  5/5        EV: 12    Int: 15    God:
Gold:   96         SH:  0    Dex: 15    Spells: 0/4 levels left

rFire   . . .      SeeInvis .    a - +0 long sword
rCold   . . .      Faith    .    (no shield)
rNeg    . . .      Spirit   .    l - +0 leather armour
rPois   .          Reflect  .    (helmet restricted)
rElec   .          Harm     .    (no cloak)
rCorr   .          Rampage  .    b - +0 pair of gloves
Will    .....                    (boots unavailable)
Stlth   +                        (no amulet)
HPRegen 0.23/turn                (no ring)
MPRegen 0.09/turn                (no ring)

@: no status effects
A: beak, talons 3
a: no special abilities


You were on level 3 of the Dungeon.
You visited 1 branch of the dungeon, and saw 3 of its levels.

You collected 96 gold pieces.

Inventory:

Hand Weapons
 a - a +0 long sword (weapon)
 h - a +0 sling
Armour
 b - a +0 pair of gloves (worn)
 d - a +0 robe
 l - a +0 leather armour (worn)
Magical Staves
 e - a staff of poison {!a}
Scrolls
 i - a scroll of magic mapping {unknown}
 k - a scroll of identify {unknown}
 m - a scroll of noise {unknown}
Potions
 c - 2 potions of lignification
 f - a potion of heal wounds {unknown}
 g - a potion of curing {unknown}
 j - a potion of flight {unknown}


   Skills:
 - Level 1.3 Fighting
 - Level 3.7 Long Blades
 - Level 1.5 Armour
 - Level 3.5 Dodging
 - Level 1.0 Spellcasting
 + Level 0.6 Necromancy
 + Level 0.9 Air Magic
 + Level 1.6 Poison Magic


You couldn't memorise any spells.
You knew the following spells:

 Your Spells              Type           Power      Damage    Failure   Level
X - Cigotuvi's Dreadful   Necr/Pois/Air  8%         N/A       32%         2
Y - Poisonous Vapours     Pois/Air       8%         N/A       30%         2

Your spell library contained the following spells:

 Spells                   Type           Power      Damage    Failure   Level
 Fireball                 Conj/Fire      0%         3d3       100%        5
 Iskenderun's Battlesphe  Conj           0%         2d6       100%        5
 Conjure Ball Lightning   Conj/Air       1%         3x3d6     100%        6
 Orb of Destruction       Conj           0%         9d5       100%        7


Dungeon Overview and Level Annotations

Branches:
Dungeon (3/15)

Altars:


Innate Abilities, Weirdness & Mutations

You have a beak for a mouth.
You have claws for feet.


Message History

No target in view!
You see here a hobgoblin corpse.
A ball python comes into view.
The ball python hisses angrily.
The ball python attacks as you move away!
The ball python closely misses you.
The ball python bites you but does no damage.
The ball python closely misses you.
You closely miss the ball python. You claw the ball python.
You kill the ball python!
No target in view!
You see here a ball python corpse. 2 orcs and a gnoll come into view.
The orc shouts! x2; The gnoll shouts!
You hear a shout!
A gnoll comes into view. It is wielding a +0 halberd.
An orc comes into view. It is wielding a +0 dagger.
The gnoll moves out of view.
You hear a shout!
The gnoll shouts!
You hear a shout!
You see here a ball python corpse.
You start waiting.
A gnoll is nearby!
The gnoll closely misses you.
You hit the gnoll but do no damage. You barely miss the gnoll.
Your kick misses the gnoll. The gnoll hits you with a +0 halberd.
The gnoll attacks as you move away! The gnoll barely misses you.
The gnoll hits you from afar with a +0 halberd!
Ouch! That really hurt!
* * * LOW HITPOINT WARNING * * *
The gnoll attacks as you move away! The gnoll barely misses you.
The gnoll attacks as you move away! The gnoll barely misses you.
The gnoll attacks as you move away! The gnoll barely misses you.
The gnoll attacks as you move away! The gnoll hits you with a +0 flail!
* * * LOW HITPOINT WARNING * * *
The gnoll attacks as you move away! The gnoll closely misses you.
The gnoll attacks as you move away! The gnoll hits you with a +0 flail.
* * * LOW HITPOINT WARNING * * *
The gnoll attacks as you move away! The gnoll hits you with a +0 flail!
You die...

░░..........░ ░.░
░░░░░░░░░░░░ ░.░
░.░ ░.░ ░.░ ░.░ ░.░
░.░ ░Q░ ░g░ ░o░ ░.░
. ░g░ ..░░░░░░░
░.░░░░░
........░░░.░.....░
............░░░░░g░
.........░░░░ ░.░


You could see 2 gnolls and an orc.

Vanquished Creatures
  A worm (D:2)
  3 dart slugs (D:2)
  3 ball pythons
  2 endoplasms
  3 giant cockroaches
  4 goblins
  2 hobgoblins
  3 kobolds
  2 quokkas (D:2)
  2 bats (D:1)
  2 rats (D:1)
27 creatures vanquished.

Notes
Turn   | Place    | Note
-------+----------+-------------------------------------------
     0 | D:1      | utis the Tengu Wanderer began the quest for the Orb.
     0 | D:1      | utis set off with the following items: a +0 long sword, a
                  | +0 pair of gloves, a potion of lignification, a +0 robe;
                  | and the following spells available to memorise: Poisonous
                  | Vapours, Cigotuvi's Dreadful Rot.
     0 | D:1      | Reached XP level 1. HP: 12/12 MP: 3/3
   356 | D:1      | Reached XP level 2. HP: 12/16 MP: 4/4
  1223 | D:2      | Reached XP level 3. HP: 18/20 MP: 5/5
  1226 | D:2      | Learned a level 2 spell: Poisonous Vapours
  1229 | D:2      | Learned a level 2 spell: Cigotuvi's Dreadful Rot
  1975 | D:3      | HP: 1/20 [gnoll/+0 flail[a gnoll sergeant] (3)]
  1976 | D:3      | Mangled by a gnoll

Illustrated notes

Levels and vault maps discovered:
D:1:      amcnicky_arrival_blooded_trapdoor, layout_basic
D:2:      layout_basic, minmay_misc_feat_enclosed, kennysheep_nub,
          chequers_serial_rivers_room_b
D:3:      kennysheep_six_static_rooms, layout_basic, marbit_many_paths,
          gammafunk_ghost_split, shapermc_ecumenical_altar_mp_highgroup,
          serial_curves, eino_curves_03, eino_curves_01

Action                     || total
---------------------------++-------
  Melee: Long sword        ||    72
         Peck              ||     9
         Kick              ||    15
  Throw: Stone             ||     4
 Armour: Robe              ||     9
         Leather armour    ||     1
  Dodge: Dodged            ||    45

Table legend: (Time is in decaauts)
 A = Elapsed time spent in this place.
 B = Non-inter-level travel time spent in this place.
 C = Inter-level travel time spent in this place.
 D = Time resting spent in this place.
 E = Time spent auto-exploring this place.
 F = Levels seen in this place.
 G = Mean time per level.
                   A        B        C        D        E       F      G
               +--------+--------+--------+--------+--------+-----+--------+
         Total |   1992 |   1936 |     56 |    123 |   1470 |   3 |  664.0 |
       Dungeon |   1992 |   1936 |     56 |    123 |   1470 |   3 |  664.0 |
               +--------+--------+--------+--------+--------+-----+--------+

Top non-repeatable levels by time:
     D:1: 1013 daAuts
     D:2: 815 daAuts
     D:3: 163 daAuts
